[Event "2nd Goa GM Open 2019"]
[Site "Goa"]
[Date "2019.06.18"]
[Round "1.2"]
[White "Pantsulaia, Levan"]
[Black "Franco Valencia, Angela"]
[Result "1-0"]
[ECO "A34"]
[WhiteElo "2614"]
[BlackElo "2169"]
[Annotator "RC"]
[PlyCount "91"]
[EventDate "2019.06.17"]
[EventType "swiss"]
[EventCountry "IND"]
[SourceTitle "playchess.com"]
[Source "ChessBase"]
[SourceQuality "1"]
[TimeControl "5400+30"]

1. Nf3 c5 2. c4 Nf6 3. Nc3 d5 4. cxd5 Nxd5 5. g3 Nc6 6. Bg2 Nxc3 7. bxc3 e5 8. d3 Be7 9. Nd2 Qc7 10. Nc4 Be6 11. Qa4 Bd7 12. Rb1 O-O 13. Ne3 Qa5 14. Qc2 b5 15. O-O Rab8 16. h4 Bd6 17. Bd2 Rfc8 18. Rb2 Qd8 19. Qb1 a6 20. a4 bxa4 21. Nc4 Bc7 22. Bg5 Qe8 23. Be3 Rxb2 24. Nxb2 Na5 25. Bxc5 Nb3 26. Be3 Rb8 27. Qc2 Bc6 28. Nc4 Bxg2 29. Kxg2 Qc6+ 30. f3 f5 31. Bg1 e4 32. Ne3 f4 33. Nf5 exf3+ 34. exf3 Re8 35. g4 Be5 36. d4 Bf6 37. c4 Na5 38. c5 Qb5 39. Bf2 Nc4 40. Rb1 Re2 41. Qxe2 Ne3+ 42. Qxe3 fxe3 43. Rxb5 axb5 44. Bxe3 b4 45. c6 Bd8 46. d5 1-0

[Event "2nd Goa GM Open 2019"]
[Site "Goa"]
[Date "2019.06.18"]
[Round "1.7"]
[White "Ram, S. Krishnan"]
[Black "Aleksandrov, Aleksej"]
[Result "1-0"]
[ECO "D38"]
[WhiteElo "2152"]
[BlackElo "2588"]
[Annotator "ChessBase"]
[PlyCount "77"]
[EventDate "2019.06.17"]
[EventType "swiss"]
[EventCountry "IND"]
[SourceTitle "playchess.com"]
[Source "ChessBase"]
[SourceQuality "1"]
[TimeControl "5400+30"]

1. d4 d5 2. Nf3 Nf6 3. c4 e6 4. Nc3 Bb4 5. Qa4+ Nc6 6. e3 O-O 7. Bd3 a6 8. O-O Bd6 9. c5 Be7 10. b4 Rb8 11. a3 Re8 12. Qc2 h6 13. Bb2 b6 14. Ne2 bxc5 15. dxc5 Bb7 16. Ned4 Nxd4 17. Bxd4 c6 18. Ne5 a5 19. f4 axb4 20. axb4 Qc7 21. g4 Rf8 22. g5 hxg5 23. fxg5 Ne4 24. Bxe4 dxe4 25. g6 fxg6 26. Qxe4 Bg5 27. Nxg6 Rxf1+ 28. Rxf1 Re8 29. Be5 Qd8 30. Bd6 Ba6 31. Rf2 Bf6 32. Qxc6 Bc4 33. Qf3 Qa8 34. Ne7+ Bxe7 35. Qf7+ Kh8 36. Be5 Bf8 37. Qh5+ Kg8 38. Qf7+ Kh8 39. Rf6 1-0

[Event "2nd Goa GM Open 2019"]
[Site "Goa"]
[Date "2019.06.18"]
[Round "1.9"]
[White "Ramu, K.."]
[Black "Jojua, Davit"]
[Result "*"]
[ECO "B30"]
[WhiteElo "2136"]
[BlackElo "2580"]
[Annotator "RC"]
[PlyCount "86"]
[EventDate "2019.06.17"]
[EventType "swiss"]
[EventCountry "IND"]
[SourceTitle "playchess.com"]
[Source "ChessBase"]
[SourceQuality "1"]
[TimeControl "5400+30"]

1. e4 c5 2. Nf3 Nc6 3. d3 g6 4. g3 Bg7 5. Bg2 d6 6. O-O Nf6 7. Re1 O-O 8. e5 dxe5 9. Nxe5 Nxe5 10. Rxe5 Ng4 11. Re2 Nh6 12. Nd2 Nf5 13. Re1 Nd4 14. c3 Nf5 15. Nc4 f6 16. a4 Rb8 17. a5 Kh8 18. h4 e5 19. h5 g5 20. Be3 Qc7 21. g4 Nh6 22. f3 Rd8 23. Qe2 b6 24. axb6 axb6 25. Rad1 Ba6 26. b4 Bf8 27. Rb1 Ng8 28. b5 Bb7 29. Red1 Ne7 30. Nd2 h6 31. c4 f5 32. Nf1 Bg7 33. Bc1 fxg4 34. fxg4 Bxg2 35. Qxg2 e4 36. Qxe4 Rd4 37. Qg2 Qd7 38. Nh2 Rxd3 39. Re1 Qd6 40. Nf1 Rf8 41. Bb2 Bd4+ 42. Kh1 Ng8 43. Re3 Rxf1+ {[%emt 0:00:29] Ree1 Rf8} *

[Event "2nd Goa GM Open 2019"]
[Site "Goa"]
[Date "2019.06.18"]
[Round "1.12"]
[White "Deepan Chakkravarthy J."]
[Black "Niraj, Saripalli"]
[Result "1-0"]
[ECO "C55"]
[WhiteElo "2557"]
[BlackElo "2127"]
[Annotator "ChessBase"]
[PlyCount "51"]
[EventDate "2019.06.17"]
[EventType "swiss"]
[EventCountry "IND"]
[SourceTitle "playchess.com"]
[Source "ChessBase"]
[SourceQuality "1"]
[TimeControl "5400+30"]

1. e4 e5 2. Nf3 Nc6 3. Bc4 Nf6 4. d3 h6 5. a4 d6 6. Nc3 g6 7. a5 Bg7 8. h3 O-O 9. g4 Nd4 10. g5 hxg5 11. Bxg5 Ne6 12. h4 Nxg5 13. hxg5 Nh5 14. a6 Nf4 15. Nd5 b5 16. Bb3 Bg4 17. Nxf4 exf4 18. Rh4 Bxf3 19. Qxf3 Bxb2 20. Rb1 Be5 21. Ke2 Kg7 22. Rh7+ Kg8 23. Qg4 Bg7 24. Qf3 Be5 25. Qg4 d5 26. Rbh1 1-0

[Event "2nd Goa GM Open 2019"]
[Site "Goa"]
[Date "2019.06.18"]
[Round "1.13"]
[White "Thrish Karthik"]
[Black "Paichadze, Luka"]
[Result "0-1"]
[ECO "B10"]
[WhiteElo "2126"]
[BlackElo "2557"]
[Annotator "ChessBase"]
[PlyCount "104"]
[EventDate "2019.06.17"]
[EventType "swiss"]
[EventCountry "IND"]
[SourceTitle "playchess.com"]
[Source "ChessBase"]
[SourceQuality "1"]
[TimeControl "5400+30"]

1. e4 c6 2. Nf3 d5 3. exd5 cxd5 4. d4 Nc6 5. Ne5 Qb6 6. c3 e6 7. Bd3 Bd6 8. f4 Nh6 9. Nd2 O-O 10. Qh5 f6 11. Ndf3 Qc7 12. O-O Ne7 13. g4 Qd8 14. Bd2 Bc7 15. Ng5 f5 16. Ngf3 fxg4 17. Nxg4 Nhf5 18. Kh1 Bd7 19. Ng5 h6 20. Rg1 Qe8 21. Qxe8 Raxe8 22. Nf3 a6 23. Nfe5 Bc8 24. Rg2 h5 25. Nf2 Bxe5 26. dxe5 Bd7 27. Rg5 g6 28. Be2 Kf7 29. Rag1 Bc6 30. Kg2 d4+ 31. Kf1 dxc3 32. bxc3 Rd8 33. Ke1 Nh4 34. R5g3 Nef5 35. Rd3 Rxd3 36. Nxd3 Rd8 37. Kf2 Bb5 38. Rd1 Rxd3 39. Bxd3 Bxd3 40. Bc1 Bb5 41. Ba3 Ke8 42. Bc5 Bc6 43. Bb6 Ng2 44. Rd8+ Kf7 45. Bc5 Nxf4 46. Ba3 g5 47. Rf8+ Kg7 48. Rf6 Bd5 49. Bf8+ Kg8 50. Bd6 h4 51. Rf8+ Kg7 52. Rc8 g4 0-1

[Event "2nd Goa GM Open 2019"]
[Site "Goa"]
[Date "2019.06.18"]
[Round "1.16"]
[White "Gukesh D"]
[Black "Makhija, Aashna"]
[Result "1-0"]
[ECO "A05"]
[WhiteElo "2543"]
[BlackElo "2116"]
[Annotator "ChessBase"]
[PlyCount "97"]
[EventDate "2019.06.17"]
[EventType "swiss"]
[EventCountry "IND"]
[SourceTitle "playchess.com"]
[Source "ChessBase"]
[SourceQuality "1"]
[TimeControl "5400+30"]

1. Nf3 Nf6 2. g3 d5 3. Bg2 e6 4. O-O Be7 5. b3 O-O 6. Bb2 c5 7. c4 Nc6 8. e3 b6 9. Qe2 Ba6 10. Rd1 Rc8 11. d3 Qd7 12. Nc3 d4 13. exd4 Nxd4 14. Nxd4 cxd4 15. Nb1 Rfd8 16. Nd2 Bb7 17. Bxb7 Qxb7 18. Nf3 Bc5 19. a3 a5 20. b4 axb4 21. axb4 Bxb4 22. Nxd4 Ra8 23. Nb5 Be7 24. Bc3 Rxa1 25. Bxa1 Ne8 26. Be5 Bf6 27. Bf4 Be7 28. Rb1 Qd7 29. d4 Nd6 30. Bxd6 Bxd6 31. Qf3 Be7 32. Ra1 Bf6 33. Ra7 Qe8 34. Qe4 h6 35. h4 Qf8 36. Rc7 Rc8 37. Qc6 Rxc7 38. Qxc7 Qb4 39. Kg2 Qe1 40. Qc8+ Kh7 41. Qb7 Qe2 42. Qc6 Qd3 43. c5 Bxd4 44. Nxd4 Qxd4 45. cxb6 Qb4 46. b7 e5 47. Qc7 Qe4+ 48. Kh2 Qf3 49. Qc2+ 1-0

[Event "2nd Goa GM Open 2019"]
[Site "Goa"]
[Date "2019.06.18"]
[Round "1.17"]
[White "Shawket Bin, Osman Shaon"]
[Black "Tukhaev, Adam"]
[Result "0-1"]
[ECO "D91"]
[WhiteElo "2109"]
[BlackElo "2527"]
[Annotator "ChessBase"]
[PlyCount "80"]
[EventDate "2019.06.17"]
[EventType "swiss"]
[EventCountry "IND"]
[SourceTitle "playchess.com"]
[Source "ChessBase"]
[SourceQuality "1"]
[TimeControl "5400+30"]

1. d4 Nf6 2. c4 g6 3. Nc3 d5 4. Bg5 Bg7 5. Nf3 Ne4 6. Bf4 Nxc3 7. bxc3 dxc4 8. Qa4+ c6 9. Qxc4 Be6 10. Qd3 Nd7 11. e4 Qa5 12. Nd2 f5 13. Be2 fxe4 14. Nxe4 O-O 15. Bd2 Bf5 16. O-O Kh8 17. Bf3 e5 18. Qe2 Bxe4 19. Bxe4 exd4 20. cxd4 Qa4 21. Rab1 Nb6 22. Bc3 Rae8 23. Qd3 Qxa2 24. d5 cxd5 25. Bxg7+ Kxg7 26. Qd4+ Rf6 27. Bd3 Qd2 28. Rb2 Qf4 29. Qc5 Rc8 30. Qa5 Qd4 31. Rd2 Rc3 32. Qb5 a6 33. Qb2 Qc5 34. g4 d4 35. Re1 Rf7 36. Re4 Na4 37. Qa2 Rc1+ 38. Kg2 Nc3 39. Qe6 Nxe4 40. Bxe4 Re7 0-1

[Event "2nd Goa GM Open 2019"]
[Site "Goa"]
[Date "2019.06.18"]
[Round "1.18"]
[White "Burmakin, Vladimir"]
[Black "Santu, Mondal"]
[Result "1-0"]
[ECO "A05"]
[WhiteElo "2526"]
[BlackElo "2106"]
[Annotator "ChessBase"]
[PlyCount "141"]
[EventDate "2019.06.17"]
[EventType "swiss"]
[EventCountry "IND"]
[SourceTitle "playchess.com"]
[Source "ChessBase"]
[SourceQuality "1"]
[TimeControl "5400+30"]

1. Nf3 Nf6 2. g3 b6 3. Bg2 Bb7 4. O-O c5 5. d3 g6 6. e4 d6 7. a4 Bg7 8. Nfd2 Nc6 9. Nc4 O-O 10. a5 Rc8 11. Nc3 Nd7 12. f4 Nxa5 13. Nxa5 bxa5 14. Be3 Bc6 15. Qd2 Nb6 16. b3 d5 17. exd5 Nxd5 18. Nxd5 Bxa1 19. Rxa1 Bxd5 20. Bh3 Rc7 21. Rxa5 Ba8 22. Bxc5 Qd5 23. Bg2 Qe6 24. b4 Bxg2 25. Kxg2 Qd5+ 26. Kg1 Qf3 27. Ra1 Qd5 28. Qe3 Rd8 29. Qe5 Qc6 30. d4 Rcd7 31. c4 Qf3 32. d5 Qd3 33. Rc1 f6 34. Qe6+ Kg7 35. Bxe7 Qd4+ 36. Kh1 Re8 37. Bxf6+ Qxf6 38. Qxd7+ Re7 39. Qg4 Qb2 40. Rf1 Re2 41. Qf3 Rxh2+ 42. Kg1 Rd2 43. Rf2 Qd4 44. Kg2 Rd3 45. Qe2 Qxc4 46. Rf3 Rd4 47. Qxc4 Rxc4 48. Ra3 Rc7 49. Kf3 Re7 50. Ra6 Kf7 51. g4 Rb7 52. Ra4 Re7 53. g5 Ke8 54. b5 Kd8 55. Ra6 Kc8 56. Rc6+ Kd8 57. Ra6 Kc8 58. d6 Rb7 59. Ke3 Kd7 60. Ke4 Ke6 61. Kd4 Rxb5 62. Rxa7 Kxd6 63. Rxh7 Rb4+ 64. Ke3 Kd5 65. Kf3 Rb6 66. Rf7 Rb3+ 67. Kg4 Rb1 68. Rf6 Rg1+ 69. Kf3 Rf1+ 70. Kg3 Ke4 71. Re6+ 1-0

[Event "2nd Goa GM Open 2019"]
[Site "Goa"]
[Date "2019.06.18"]
[Round "1.19"]
[White "Soham Datar"]
[Black "Iniyan, P."]
[Result "0-1"]
[ECO "A05"]
[WhiteElo "2102"]
[BlackElo "2525"]
[Annotator "ChessBase"]
[PlyCount "72"]
[EventDate "2019.06.17"]
[EventType "swiss"]
[EventCountry "IND"]
[SourceTitle "playchess.com"]
[Source "ChessBase"]
[SourceQuality "1"]
[TimeControl "5400+30"]

1. Nf3 Nf6 2. b3 d5 3. Bb2 c5 4. e3 e6 5. g3 Nc6 6. Bg2 Bd6 7. c4 d4 8. exd4 cxd4 9. O-O O-O 10. Na3 e5 11. d3 Nd7 12. Nc2 a5 13. Nd2 f5 14. Re1 Nc5 15. Bd5+ Kh8 16. Qe2 e4 17. Nxd4 Nxd3 18. Nxc6 bxc6 19. Bxc6 Ra6 20. Nxe4 fxe4 21. Bxe4 Nxb2 22. Qh5 g6 23. Bxg6 Ra7 24. Re8 Qf6 25. Rxf8+ Bxf8 26. Bc2 Rf7 27. Rf1 Bb7 28. a3 Qc6 29. f3 Qc5+ 30. Qxc5 Bxc5+ 31. Kg2 Bxa3 32. h4 Bc5 33. g4 a4 34. bxa4 Nxc4 35. Bb3 Ne3+ 36. Kh3 Rf8 0-1

[Event "2nd Goa GM Open 2019"]
[Site "Goa"]
[Date "2019.06.18"]
[Round "1.20"]
[White "Malakhatko, Vadim"]
[Black "Mahindrakar Indrajeet"]
[Result "1-0"]
[ECO "E91"]
[WhiteElo "2505"]
[BlackElo "2100"]
[Annotator "ChessBase"]
[PlyCount "85"]
[EventDate "2019.06.17"]
[EventType "swiss"]
[EventCountry "IND"]
[SourceTitle "playchess.com"]
[Source "ChessBase"]
[SourceQuality "1"]
[TimeControl "5400+30"]

1. Nf3 Nf6 2. c4 g6 3. Nc3 Bg7 4. d4 d6 5. e4 O-O 6. Be2 Na6 7. O-O e5 8. Be3 Ng4 9. Bg5 Qe8 10. h3 f6 11. Bc1 Nh6 12. Re1 Nf7 13. b3 Kh8 14. Bb2 c6 15. Bf1 Nc7 16. b4 Rg8 17. a3 Ne6 18. d5 Nf4 19. Kh2 g5 20. Nd2 Bh6 21. g3 g4 22. h4 Nh3 23. Bxh3 gxh3 24. Nf1 Bg7 25. Ne3 Nh6 26. dxc6 bxc6 27. b5 Rb8 28. a4 Bf8 29. Ba3 Ng4+ 30. Nxg4 Bxg4 31. Qd3 Qh5 32. Bxd6 Rd8 33. c5 Bh6 34. bxc6 Bc8 35. Nd5 Qf7 36. Qf3 Bg7 37. Ne7 Be6 38. c7 Rde8 39. Nxg8 Rxg8 40. Rab1 f5 41. Rb8 Bc8 42. Rxc8 Rxc8 43. Qxf5 1-0

[Event "2nd Goa GM Open 2019"]
[Site "Goa"]
[Date "2019.06.18"]
[Round "1.21"]
[White "Manish Anto Cristiano F"]
[Black "Karthik Venkataraman"]
[Result "1-0"]
[ECO "B94"]
[WhiteElo "2099"]
[BlackElo "2499"]
[Annotator "ChessBase"]
[PlyCount "65"]
[EventDate "2019.06.17"]
[EventType "swiss"]
[EventCountry "IND"]
[SourceTitle "playchess.com"]
[Source "ChessBase"]
[SourceQuality "1"]
[TimeControl "5400+30"]

1. e4 c5 2. Nf3 d6 3. d4 cxd4 4. Nxd4 Nf6 5. Nc3 a6 6. Bg5 Nbd7 7. Qe2 h6 8. Bh4 g6 9. f4 e5 10. fxe5 dxe5 11. O-O-O Qc7 12. Nb3 b5 13. g4 Be7 14. Bg2 Bb7 15. Rhf1 Rc8 16. Qf2 Rh7 17. Bxf6 Nxf6 18. h3 b4 19. Nd5 Bxd5 20. exd5 Nd7 21. Kb1 a5 22. d6 Bxd6 23. Nxa5 Bc5 24. Qd2 Nb6 25. Rf6 Kf8 26. Rc6 Qb8 27. Rxc5 Rc7 28. Rc6 Rxc6 29. Qxb4+ Rc5 30. Nb7 Nd7 31. Rd3 Kg7 32. Rxd7 Rc7 33. Rd8 1-0

[Event "2nd Goa GM Open 2019"]
[Site "Goa"]
[Date "2019.06.18"]
[Round "1.22"]
[White "Anurag, Mhamal"]
[Black "Jaeel Atharva"]
[Result "1-0"]
[ECO "A05"]
[WhiteElo "2497"]
[BlackElo "2098"]
[Annotator "ChessBase"]
[PlyCount "59"]
[EventDate "2019.06.17"]
[EventType "swiss"]
[EventCountry "IND"]
[SourceTitle "playchess.com"]
[Source "ChessBase"]
[SourceQuality "1"]
[TimeControl "5400+30"]

1. Nf3 Nf6 2. g3 e6 3. Bg2 d5 4. O-O Be7 5. c4 O-O 6. Ne5 c5 7. d4 Nc6 8. cxd5 Nxe5 9. dxe5 Nxd5 10. Qb3 Qc7 11. Bxd5 exd5 12. Nc3 d4 13. Nd5 Qd8 14. e4 Bh3 15. Qxb7 Re8 16. Re1 Bf8 17. Bf4 Rb8 18. Qxa7 Rxb2 19. Qa3 Rb7 20. Qf3 Be6 21. a4 c4 22. a5 Rb3 23. Qd1 Bxd5 24. exd5 Qxd5 25. e6 fxe6 26. a6 Ra8 27. Re5 Qc6 28. a7 Bc5 29. Rc1 d3 30. Rxc5 1-0

[Event "2nd Goa GM Open 2019"]
[Site "Goa"]
[Date "2019.06.18"]
[Round "1.23"]
[White "Saptorshi Gupta"]
[Black "Venkatesh, M.R."]
[Result "0-1"]
[ECO "C24"]
[WhiteElo "2097"]
[BlackElo "2490"]
[Annotator "ChessBase"]
[PlyCount "68"]
[EventDate "2019.06.17"]
[EventType "swiss"]
[EventCountry "IND"]
[SourceTitle "playchess.com"]
[Source "ChessBase"]
[SourceQuality "1"]
[TimeControl "5400+30"]

1. e4 e5 2. Bc4 Nf6 3. d3 c6 4. Nf3 Be7 5. O-O d6 6. Nc3 Bg4 7. h3 Bh5 8. Re1 Nbd7 9. a4 Qc7 10. Be3 b6 11. d4 exd4 12. Bxd4 Ne5 13. Be2 Bxf3 14. Bxf3 h5 15. g3 h4 16. Bg2 hxg3 17. f4 O-O-O 18. Qc1 Ng6 19. a5 b5 20. Qe3 Nh5 21. Bb6 Qd7 22. f5 Ne5 23. Bxd8 Bxd8 24. b3 g5 25. Ne2 g4 26. hxg4 Nxg4 27. Qf3 Ne5 28. Qe3 Rg8 29. c4 Bg5 30. Qc3 b4 31. Qxb4 Be3+ 32. Kf1 Ng4 33. Ng1 Nf4 34. Nf3 Nh2+ 0-1

[Event "2nd Goa GM Open 2019"]
[Site "Goa"]
[Date "2019.06.18"]
[Round "1.24"]
[White "Gagare, Shardul"]
[Black "Hegde, Ravi Gopal"]
[Result "1-0"]
[ECO "B06"]
[WhiteElo "2482"]
[BlackElo "2096"]
[Annotator "ChessBase"]
[PlyCount "63"]
[EventDate "2019.06.17"]
[EventType "swiss"]
[EventCountry "IND"]
[SourceTitle "playchess.com"]
[Source "ChessBase"]
[SourceQuality "1"]
[TimeControl "5400+30"]

1. e4 g6 2. d4 Bg7 3. Nc3 c6 4. Nf3 d5 5. e5 Nh6 6. h3 O-O 7. Bf4 f6 8. Qd2 Nf7 9. O-O-O b5 10. Re1 Qa5 11. Kb1 b4 12. Ne2 fxe5 13. dxe5 e6 14. h4 c5 15. h5 Nc6 16. hxg6 hxg6 17. Qd3 Ne7 18. Nh4 b3 19. Nc3 bxc2+ 20. Qxc2 Nh8 21. Bg5 Nf5 22. Nxf5 Rxf5 23. Bd2 Rxf2 24. Rxh8+ Kxh8 25. Qxg6 Rb8 26. Bd3 Kg8 27. b3 Qc7 28. Bh6 Kf8 29. Qh7 c4 30. Qh8+ Ke7 31. Qxg7+ Rf7 32. Bg5+ 1-0

[Event "2nd Goa GM Open 2019"]
[Site "Goa"]
[Date "2019.06.18"]
[Round "1.25"]
[White "Goswami, Vedant"]
[Black "Rahman, Ziaur"]
[Result "0-1"]
[ECO "D02"]
[WhiteElo "2093"]
[BlackElo "2481"]
[Annotator "ChessBase"]
[PlyCount "66"]
[EventDate "2019.06.17"]
[EventType "swiss"]
[EventCountry "IND"]
[SourceTitle "playchess.com"]
[Source "ChessBase"]
[SourceQuality "1"]
[TimeControl "5400+30"]

1. d4 d5 2. Nf3 Nf6 3. Bf4 e6 4. e3 c5 5. c3 Nc6 6. Nbd2 Nh5 7. Bg5 Qb6 8. Ne5 Nf6 9. Qb3 Bd6 10. Qd1 Bf8 11. Qb3 Bd6 12. f4 h6 13. Bh4 c4 14. Qc2 Bxe5 15. fxe5 Ng4 16. Bf2 Nxf2 17. Kxf2 O-O 18. Be2 f6 19. exf6 Rxf6+ 20. Ke1 e5 21. Rf1 Ne7 22. Nf3 Bf5 23. Qd2 exd4 24. exd4 Be4 25. Kf2 Ng6 26. Kg1 Raf8 27. Rf2 Nf4 28. Re1 Rg6 29. Kf1 Nh3 30. gxh3 Qe6 31. Rc1 Qxh3+ 32. Ke1 Bxf3 33. Bxf3 Rg1+ 0-1

[Event "2nd Goa GM Open 2019"]
[Site "Goa"]
[Date "2019.06.18"]
[Round "1.26"]
[White "Kunte, Abhijit"]
[Black "Hari Madhavan N B"]
[Result "1-0"]
[ECO "A06"]
[WhiteElo "2478"]
[BlackElo "2093"]
[Annotator "ChessBase"]
[PlyCount "75"]
[EventDate "2019.06.17"]
[EventType "swiss"]
[EventCountry "IND"]
[SourceTitle "playchess.com"]
[Source "ChessBase"]
[SourceQuality "1"]
[TimeControl "5400+30"]

1. Nf3 d5 2. c4 c6 3. d4 Nf6 4. Qb3 dxc4 5. Qxc4 Bf5 6. g3 e6 7. Bg2 h6 8. O-O Be7 9. Nc3 O-O 10. Ne5 Nbd7 11. e4 Bh7 12. Rd1 Nxe5 13. dxe5 Nd7 14. Qe2 Qc7 15. f4 b5 16. Be3 Nb6 17. Rac1 Nc4 18. Bf2 Rfd8 19. b3 Na3 20. Nd5 exd5 21. exd5 Qa5 22. d6 Bf8 23. Rxc6 Nb1 24. Qb2 Rac8 25. Rxb1 Bxb1 26. Qxb1 Rxc6 27. Bxc6 Bxd6 28. exd6 Rxd6 29. Bf3 Qc3 30. Qe4 g6 31. Kg2 a6 32. Be1 Qb2+ 33. Qe2 Qa1 34. Bb4 Re6 35. Qd2 Qf6 36. Bc3 Qe7 37. Qd4 Re2+ 38. Kf1 1-0

[Event "2nd Goa GM Open 2019"]
[Site "Goa"]
[Date "2019.06.18"]
[Round "1.27"]
[White "Ghelani Dhairya"]
[Black "Vasquez Schroeder, Rodrigo"]
[Result "1/2-1/2"]
[ECO "E52"]
[WhiteElo "2092"]
[BlackElo "2476"]
[Annotator "ChessBase"]
[PlyCount "107"]
[EventDate "2019.06.17"]
[EventType "swiss"]
[EventCountry "IND"]
[SourceTitle "playchess.com"]
[Source "ChessBase"]
[SourceQuality "1"]
[TimeControl "5400+30"]

1. d4 Nf6 2. c4 e6 3. Nc3 Bb4 4. e3 O-O 5. Bd3 d5 6. Nf3 b6 7. O-O Bb7 8. cxd5 exd5 9. Qc2 a6 10. a3 Bd6 11. b4 Qe7 12. Re1 Re8 13. Nd2 Ne4 14. Nf1 Qh4 15. Bb2 Nd7 16. f3 Nxc3 17. Bxc3 Nf6 18. Re2 Re7 19. Be1 Qg5 20. h4 Qh6 21. g4 Nd7 22. g5 Qh5 23. f4 Nf8 24. Rg2 Re4 25. Qf2 Be7 26. Ng3 Qg6 27. Bxe4 dxe4 28. f5 Qc6 29. f6 Bd6 30. fxg7 Ng6 31. Nf5 Qd5 32. Nh6+ Kxg7 33. Qf6+ Kf8 34. Rf2 Ke8 35. Qxf7+ Qxf7 36. Rxf7 Nf8 37. h5 Bc8 38. Rg7 Be6 39. Kg2 c5 40. bxc5 bxc5 41. dxc5 Be5 42. Rb7 Bxa1 43. c6 Rc8 44. Bb4 Rxc6 45. Re7+ Kd8 46. Nf7+ Bxf7 47. Rxf7 Ne6 48. Rxh7 Bc3 49. g6 Be5 50. h6 Rc2+ 51. Kf1 Rc1+ 52. Kg2 Rc2+ 53. Kf1 Rc1+ 54. Kg2 1/2-1/2

[Event "2nd Goa GM Open 2019"]
[Site "Goa"]
[Date "2019.06.18"]
[Round "1.28"]
[White "Kostenko, Petr"]
[Black "Kiran, Manisha Mohanty"]
[Result "1-0"]
[ECO "B51"]
[WhiteElo "2473"]
[BlackElo "2090"]
[Annotator "ChessBase"]
[PlyCount "85"]
[EventDate "2019.06.17"]
[EventType "swiss"]
[EventCountry "IND"]
[SourceTitle "playchess.com"]
[Source "ChessBase"]
[SourceQuality "1"]
[TimeControl "5400+30"]

1. e4 c5 2. Nf3 d6 3. Bb5+ Nd7 4. Ba4 Ngf6 5. O-O a6 6. c4 e6 7. Nc3 Be7 8. d3 O-O 9. a3 b6 10. Rb1 Bb7 11. b4 Qc7 12. Bd2 Rab8 13. Re1 Ba8 14. h3 Ne5 15. Nxe5 dxe5 16. Bc2 Rfd8 17. Rf1 h6 18. g3 Rd7 19. Qe2 Rbd8 20. Kh2 b5 21. Rfd1 Rd4 22. cxb5 cxb4 23. axb4 axb5 24. Be1 Bc6 25. Na2 Nh7 26. Nc1 R4d7 27. Nb3 f5 28. Nc5 Bxc5 29. bxc5 Rf7 30. h4 Qe7 31. Bb3 Rdf8 32. Ra1 g5 33. Ra6 Bd7 34. Ra7 Qf6 35. d4 gxh4 36. dxe5 hxg3+ 37. fxg3 Qxe5 38. Rdxd7 Rxd7 39. Rxd7 Ng5 40. Qh5 Rf7 41. Qg6+ Kf8 42. Rxf7+ Nxf7 43. Bxe6 1-0

[Event "2nd Goa GM Open 2019"]
[Site "Goa"]
[Date "2019.06.18"]
[Round "1.29"]
[White "Amitpal, Singh"]
[Black "Neverov, Valeriy"]
[Result "*"]
[ECO "B23"]
[WhiteElo "2090"]
[BlackElo "2470"]
[Annotator "ChessBase"]
[PlyCount "22"]
[EventDate "2019.06.17"]
[EventType "swiss"]
[EventCountry "IND"]
[SourceTitle "playchess.com"]
[Source "ChessBase"]
[SourceQuality "1"]
[TimeControl "5400+30"]

1. e4 c5 2. Nc3 a6 3. f4 b5 4. Nf3 Bb7 5. d3 e6 6. Ne2 b4 7. g3 d5 8. exd5 exd5 9. Bg2 Bd6 10. O-O Ne7 11. d4 Nd7 *

[Event "2nd Goa GM Open 2019"]
[Site "Goa"]
[Date "2019.06.18"]
[Round "1.29"]
[White "Amitpal, Singh"]
[Black "Neverov, Valeriy"]
[Result "0-1"]
[ECO "B23"]
[WhiteElo "2090"]
[BlackElo "2470"]
[Annotator "ChessBase"]
[PlyCount "24"]
[EventDate "2019.06.17"]
[EventType "swiss"]
[EventCountry "IND"]
[SourceTitle "playchess.com"]
[Source "ChessBase"]
[SourceQuality "1"]
[TimeControl "5400+30"]

1. e4 c5 2. Nc3 a6 3. f4 b5 4. Nf3 Bb7 5. d3 e6 6. g3 b4 7. Ne2 d5 8. exd5 exd5 9. Bg2 Bd6 10. Kf2 Bf8 11. Ke1 Bd6 {[%emt 0:06:23] O-O Ne7} 12. d4 Nd7 0-1

[Event "2nd Goa GM Open 2019"]
[Site "Goa"]
[Date "2019.06.18"]
[Round "1.30"]
[White "Aditya Mittal"]
[Black "Kamdar Udit"]
[Result "1-0"]
[ECO "D43"]
[WhiteElo "2461"]
[BlackElo "2087"]
[Annotator "ChessBase"]
[PlyCount "98"]
[EventDate "2019.06.17"]
[EventType "swiss"]
[EventCountry "IND"]
[SourceTitle "playchess.com"]
[Source "ChessBase"]
[SourceQuality "1"]
[TimeControl "5400+30"]

1. d4 c6 2. c4 d5 3. Nf3 Nf6 4. Nc3 e6 5. g3 dxc4 6. Bg2 b5 7. Ne5 Nd5 8. e4 Nxc3 9. bxc3 Bb7 10. Qh5 g6 11. Qf3 f6 12. Ng4 Nd7 13. h4 c5 14. h5 Bg7 15. Qf4 g5 16. Qd6 Kf7 17. dxc5 Bf8 18. Nh6+ Bxh6 19. c6 Bf8 20. Qxd7+ Qxd7 21. cxd7 Ke7 22. a4 a6 23. O-O Kxd7 24. Rd1+ Kc7 25. e5 Bxg2 26. Kxg2 Be7 27. Ba3 Bxa3 28. Rxa3 fxe5 29. Re1 Kd6 30. Ra2 Rad8 31. axb5 axb5 32. Ra6+ Kd5 33. Rb6 Kc5 34. Rxe6 Rd5 35. R1xe5 Rb8 36. Re7 b4 37. cxb4+ Rxb4 38. Rxd5+ Kxd5 39. Rxh7 c3 40. Rc7 Kd4 41. Kf3 Kd3 42. Rd7+ Kc2 43. h6 Rb6 44. h7 Rh6 45. Kg4 Kb2 46. Rb7+ Ka2 47. Rc7 Kb2 48. Kxg5 Rh3 49. Kg6 Rh2 1-0

[Event "2nd Goa GM Open 2019"]
[Site "Goa"]
[Date "2019.06.18"]
[Round "1.30"]
[White "Aditya Mittal"]
[Black "Kamdar Udit"]
[Result "*"]
[ECO "B30"]
[WhiteElo "2461"]
[BlackElo "2087"]
[Annotator "ChessBase"]
[PlyCount "105"]
[EventDate "2019.06.17"]
[EventType "swiss"]
[EventCountry "IND"]
[SourceTitle "playchess.com"]
[Source "ChessBase"]
[SourceQuality "1"]
[TimeControl "5400+30"]

1. e4 c5 2. Nf3 Nc6 3. Be2 g6 4. O-O Bg7 5. Re1 Nf6 6. Bf1 d5 7. e5 Ng4 8. Bb5 Qc7 9. d4 cxd4 10. Qxd4 O-O 11. Bxc6 bxc6 12. Nc3 h5 13. Bf4 Nh6 14. Na4 Bg4 15. Nd2 Nf5 16. Qc3 Bh6 17. Bxh6 Nxh6 18. Nc5 Be6 19. Nf3 Nf5 20. Ng5 Ng7 21. h3 Qc8 22. f3 Rb8 23. b4 Bf5 24. Kh1 Ne6 25. Ngxe6 Bxe6 26. Qd4 Kh7 27. Re3 Bf5 28. g4 hxg4 29. hxg4 Be6 30. Kg2 Rh8 31. Ree1 Kg7 32. Rh1 Qc7 33. Qf4 Rbe8 34. Rab1 Qc8 35. Rxh8 Rxh8 36. Rb3 Qg8 37. Qg3 Qh7 38. Rb1 g5 39. Nd3 Bc8 40. Rc1 Ba6 41. Nf2 e6 42. Nh3 Qh6 43. Rh1 Bc4 44. a3 Qg6 45. Qf2 d4 46. Qd2 Bd5 47. Nxg5 Bxf3+ 48. Kxf3 Rxh1 49. Kf4 Qh6 50. Ke4 Qh2 51. Nxe6+ fxe6 52. Qg5+ Kh7 53. Qe7+ *

[Event "2nd Goa GM Open 2019"]
[Site "Goa"]
[Date "2019.06.19"]
[Round "2.6"]
[White "Abhishek, Kelkar"]
[Black "Idani, Pouya"]
[Result "1/2-1/2"]
[ECO "B06"]
[WhiteElo "2323"]
[BlackElo "2597"]
[Annotator "RC"]
[PlyCount "63"]
[EventDate "2019.06.17"]
[EventType "swiss"]
[EventCountry "IND"]
[SourceTitle "playchess.com"]
[Source "ChessBase"]
[SourceQuality "1"]
[TimeControl "5400+30"]

1. d4 g6 2. e4 Bg7 3. Nf3 d6 4. Bd3 Nf6 5. O-O O-O 6. c3 Nc6 7. d5 Nb8 8. c4 e5 9. Nc3 c5 10. a3 Na6 11. Rb1 Ne8 12. Bc2 f5 13. Ba4 f4 14. Bxe8 Rxe8 15. Ne1 g5 16. f3 Rf8 17. g4 h5 18. h3 Bd7 19. Kg2 Kf7 20. Bd2 Rh8 21. Nd3 hxg4 22. hxg4 Qf6 23. Qe2 Rh4 24. Rh1 Rah8 25. Rxh4 gxh4 26. Kh3 Bh6 27. Nf2 Rc8 28. Nb5 Nc7 29. Nxc7 Rxc7 30. Bc3 Rc8 31. b3 a6 32. a4 1/2-1/2